 Dungeon Crawl Stone Soup version 0.30-b1-2-g02819fbbbe (webtiles) character file.

Game seed: 17962790463339512097

50 Mesmaeker13 the Shooter (level 3, -1/29 HPs)
             Began as a Barachi Hunter on Aug 22, 2023.
             Slain by an endoplasm (2 damage)
             ... on level 2 of the Dungeon.
             The game lasted 00:01:24 (1114 turns).

Mesmaeker13 the Shooter (Barachi Hunter)            Turns: 1114, Time: 00:01:24

Health: -1/29      AC:  3    Str: 12    XL:     3   Next: 79%
Magic:  3/3        EV: 12    Int:  9    God:
Gold:   158        SH:  0    Dex: 17    Spells: 2/2 levels left

rFire   . . .        a - +0 shortbow
rCold   . . .        (shield currently unavailable)
rNeg    . . .        c - +0 leather armour
rPois   .            (no helmet)
rElec   .            (no cloak)
rCorr   .            (no gloves)
SInv    .            (no boots)
Will    .....        (no amulet)
Stlth   ++           (no ring)
HPRegen 0.24/turn    (no ring)
MPRegen 0.08/turn

%: no passive effects
@: slow
A: amphibious, slowness 1, strong legs 1, +LOS
a: Hop


You were on level 2 of the Dungeon.
You visited 1 branch of the dungeon, and saw 2 of its levels.

You collected 158 gold pieces.

Inventory:

Hand Weapons
 a - a +0 shortbow (weapon)
 j - a +0 short sword
 k - a +0 dagger
Armour
 c - a +0 leather armour (worn)
Scrolls
 b - a scroll of immolation
 d - a scroll of noise {unknown}
 e - 3 scrolls of identify {unknown}
 f - a scroll of teleportation {unknown}
 g - 2 scrolls of silence {unknown}
 h - a scroll of acquirement {unknown}
 i - a scroll of fog {unknown}
Potions
 l - 2 potions of invisibility {unknown}


   Skills:
 + Level 3.4 Fighting
 + Level 4.5 Ranged Weapons
 + Level 3.0 Dodging
 - Level 0.8 Stealth


You had 2 spell levels left.
You didn't know any spells.
Your spell library contained the following spells:

 Spells                   Type           Power      Damage    Failure   Level
 Inner Flame              Hex/Fire       0%         N/A       83%         3
 Flame Wave               Conj/Fire      0%         2d4       99%         4
 Sticky Flame             Conj/Fire      0%         2d3       99%         4


Dungeon Overview and Level Annotations

Branches:
Dungeon (2/15)

Altars:


Innate Abilities, Weirdness & Mutations

You are amphibious.
You cover ground slowly.
You can hop short distances.
You have an extended range of vision and can be seen from far away.


Message History

You shoot an arrow.
The arrow hits the gnoll but does no damage.
The gnoll is almost dead.
The gnoll hits you with a +0 club. The endoplasm misses you.
Fire: a) +0 shortbow
Press: ? - help, Q - select action, (/) - cycle Shift-Dir - straight line, f/p - gnoll
Aim: a gnoll, wielding a +0 club (almost dead, 66% to hit)
You shoot an arrow. The arrow completely misses the gnoll.
The gnoll barely misses you. The endoplasm hits you.
The gnoll hits you with a +0 club.
The endoplasm hits you but does no damage.
Fire: a) +0 shortbow
Press: ? - help, Q - select action, (/) - cycle Shift-Dir - straight line, f/p - gnoll
Aim: a gnoll, wielding a +0 club (almost dead, 66% to hit)
You shoot an arrow. The arrow barely misses the gnoll.
The gnoll hits you with a +0 club!
* * * LOW HITPOINT WARNING * * *
The endoplasm freezes you.
You are frozen.
* * * LOW HITPOINT WARNING * * *
Fire: a) +0 shortbow
Press: ? - help, Q - select action, (/) - cycle Shift-Dir - straight line, f/p - gnoll
Aim: a gnoll, wielding a +0 club (almost dead, 66% to hit)
You shoot an arrow. The arrow closely misses the gnoll.
The gnoll closely misses you.
The endoplasm hits you but does no damage.
Fire: a) +0 shortbow
Press: ? - help, Q - select action, (/) - cycle Shift-Dir - straight line, f/p - gnoll
Aim: a gnoll, wielding a +0 club (almost dead, 66% to hit)
You shoot an arrow.
The arrow hits the gnoll but does no damage.
The gnoll is almost dead.
The gnoll closely misses you. The endoplasm freezes you.
You are frozen.
* * * LOW HITPOINT WARNING * * *
The gnoll hits you with a +0 club.
* * * LOW HITPOINT WARNING * * *
The endoplasm hits you.
You die...

#...# #.# #..... #...# #.###
#..... #...# #.†.# #..... #...#
###†######### #..... #...#
####.........########### #...#
#............#........ #...#
#..[†........#........ #...#
#............#........ #####
####...@g....#......♣[
#....J....#....≈≈.≈
#.........#....≈...
######.........'...♣
#..............#....≈...
########........#####.#....≈≈.≈
................# ###......♣.
................# ........
................# ........


You could see a gnoll and an endoplasm.

Vanquished Creatures
  A worm (D:2)
  A dart slug (D:1)
  4 endoplasms
  4 giant cockroaches
  4 goblins
  2 hobgoblins
  11 jackals
  2 quokkas
  2 bats (D:2)
  A frilled lizard (D:1)
  3 kobolds
  2 rats
37 creatures vanquished.

Notes
Turn   | Place    | Note
-------+----------+-------------------------------------------
     0 | D:1      | Mesmaeker13 the Barachi Hunter began the quest for the Orb.
     0 | D:1      | Reached XP level 1. HP: 17/17 MP: 1/1
   275 | D:1      | Reached XP level 2. HP: 23/23 MP: 2/2
   570 | D:1      | Found a faded altar of an unknown god.
   813 | D:2      | Reached XP level 3. HP: 29/29 MP: 3/3
  1114 | D:2      | HP: 1/29 [gnoll/+0 club (3)]
  1114 | D:2      | Slain by an endoplasm

Illustrated notes

Levels and vault maps discovered:
D:1:      dpeg_arrival_round_a, layout_basic,
          chequers_ecumenical_altar_simple_redux, minmay_misc_feat_room,
          solitary_fountain
D:2:      layout_basic, kennysheep_generic_room_2

Skill      XL: |  1  2  3 |
---------------+----------+-----
Fighting       | 3 |  3.4
Dodging        | 3 |  3.0
Ranged Weapons | |  4.5
Stealth        | |  0.8

Action                     || total
---------------------------++-------
   Fire: Shortbow          ||   101
Ability: Hop               ||     1
 Armour: Leather armour    ||    25
  Dodge: Dodged            ||    56
